 Dungeon Crawl Stone Soup version 0.31-a0-1134-gb247575874 (webtiles) character file.

Game seed: 4748921398839015480

22134 Dirtsage the Geomancer (level 12, -2/82 HPs)
             Began as a Gargoyle Earth Elementalist on Dec 5, 2023.
             Was an Elder of Vehumet.
             Slain by a manticore (15 damage)
             ... on level 2 of the Lair of Beasts.
             The game lasted 00:34:38 (11264 turns).

Dirtsage the Geomancer (GrEE)                      Turns: 11264, Time: 00:34:38

Health: -2/82      AC: 12    Str: 14    XL:     12   Next: 97%
Magic:  25/32      EV: 11    Int: 24    God:    Vehumet [****..]
Gold:   1587       SH:  0    Dex: 13    Spells: 7/26 levels left

rFire   + . .        K - +4 flail
rCold   . . .        y - orb of Xame {light, rElec Str+3 Int+2 Dex+3}
rNeg    + . .        l - +0 troll leather armour
rPois   ∞            M - +0 hat {Stlth+}
rElec   +            (no cloak)
rCorr   .            (no gloves)
SInv    .            X - +0 pair of boots
Will    .....        (no amulet)
Stlth   +            F - ring of protection from fire
HPRegen 1.13/turn    u - ring of magical power
MPRegen 0.23/turn

%: no passive effects
@: confused, ambrosia-drunk, very slightly contaminated, glowing, studying
Unarmed Combat
A: sickness immunity, AC +8, negative energy resistance 1, electricity
resistance, torment resistance 1, petrification resistance
a: Renounce Religion


You were on level 2 of the Lair of Beasts.
You worshipped Vehumet.
Vehumet was greatly pleased with you.
You visited 3 branches of the dungeon, and saw 13 of its levels.
You also visited: Bailey.

You collected 1587 gold pieces.

Inventory:

Hand Weapons
 q - a +0 flail
 r - a +2 heavy long sword
 s - a +4 dagger
 K - a +4 flail (weapon)
Missiles
 I - 13 curare-tipped darts
 N - a throwing net
Armour
 a - a +0 robe
 c - a +0 buckler
 j - a +0 helmet
 l - a +0 troll leather armour (worn)
 y - the orb of Xame (worn) {light, rElec Str+3 Int+2 Dex+3}
   (You found it on level 6 of the Dungeon)

   Str+3:     It affects your strength (+3).
   Int+2:     It affects your intelligence (+2).
   Dex+3:     It affects your dexterity (+3).
   rElec:     It insulates you from electricity.
 M - a +0 hat of stealth (worn)
 V - a +1 robe of resistance
 X - a +0 pair of boots (worn)
Jewellery
 e - a ring of fire
 o - a +6 ring of dexterity
 u - a ring of magical power (right hand)
 F - a ring of protection from fire (left hand)
Wands
 D - a wand of roots (9)
 G - a wand of charming (11)
 H - a wand of light (10)
 O - a wand of flame (26)
 T - a wand of mindburst (5)
Scrolls
 d - 3 scrolls of amnesia
 f - 4 scrolls of revelation
 g - a scroll of fear
 n - a scroll of fog
 t - 3 scrolls of teleportation
 v - a scroll of vulnerability
 w - a scroll of poison
 x - 2 scrolls of summoning
 z - 2 scrolls of enchant armour
 B - 5 scrolls of blinking
 C - a scroll of silence
 J - a scroll of torment
 S - a scroll of enchant weapon
 W - a scroll of noise
Potions
 b - 2 potions of magic
 h - 2 potions of curing {unknown}
 k - 3 potions of haste {unknown}
 m - 4 potions of enlightenment {unknown}
 p - 2 potions of invisibility {unknown}
 A - 3 potions of heal wounds {unknown}
 E - 3 potions of degeneration {unknown}
 L - 4 potions of brilliance {unknown}
 P - 2 potions of mutation {unknown}
 Q - 2 potions of might {unknown}
 R - a potion of lignification {unknown}
 U - 2 potions of ambrosia


   Skills:
 + Level 12.6 Fighting
 + Level 0.6 Armour
 - Level 1.5 Dodging
 + Level 2.4 Stealth
 + Level 0.9 Shields
 + Level 7.9 Spellcasting
 + Level 9.0 Conjurations
 + Level 3.3 Hexes
 - Level 0.7 Transmutations
 + Level 4.5 Ice Magic
 * Level 14.2 Earth Magic
 + Level 2.5 Poison Magic


You had 7 spell levels left.
You knew the following spells:

 Your Spells              Type           Power      Damage    Failure   Level
a - Sandblast             Erth           100%       2d20      0%          1
b - Fulminant Prism       Conj/Hex       19%        3d11      1%          4
c - Olgreb's Toxic Radia  Pois           21%        N/A       8%          4
d - Spellforged Servitor  Conj/Summ      15%        N/A       92%         7
x - Stone Arrow           Conj/Erth      100%       3d13      1%          3

Your spell library contained the following spells:

 Spells                   Type           Power      Damage    Failure   Level
 Magic Dart               Conj           100%       1d8       1%          1
 Passwall                 Tmut/Erth      37%        N/A       1%          2
 Mephitic Cloud           Conj/Pois/Air  28%        N/A       1%          3
 Brom's Barrelling Bould  Conj/Erth      60%        2d8       1%          4
 Ensorcelled Hibernation  Hex/Ice        56%        N/A       2%          2
 Inner Flame              Hex/Fire       17%        N/A       3%          3
 Ozocubu's Armour         Ice            31%        N/A       3%          3
 Petrify                  Tmut/Erth      45%        N/A       3%          4
 Blink                    Tloc           18%        N/A       13%         2
 Call Imp                 Summ           18%        N/A       13%         2
 Yara's Violent Unravell  Hex/Tmut       9%         3d6       24%         5
 Gell's Gravitas          Tloc           9%         N/A       26%         3
 Swiftness                Air            9%         N/A       26%         3
 Teleport Other           Tloc           9%         N/A       26%         3
 Manifold Assault         Tloc           9%         N/A       63%         4
 Ozocubu's Refrigeration  Ice            15%        4d10      92%         7
 Dispersal                Tloc           4%         N/A       100%        6
 Enfeeble                 Hex            12%        N/A       100%        7


Dungeon Overview and Level Annotations

Branches:
Dungeon (10/15)            Temple (1/1) D:4            Lair (2/5) D:10
 Shoals (0/4) Lair:2          Orc (0/2) D:10         Bailey (visited)
  Snake: Lair:2-3    Spider: Lair:2-3

Altars:
Ashenzari
Cheibriados
Dithmenos
Elyvilon
Fedhas
Gozag
Hepliaklqana
Kikubaaqudgha
Makhleb
Nemelex Xobeh
Okawaru
Qazlal
Ru
Sif Muna
Trog
Uskayaw
Vehumet
Wu Jian
Xom
Yredelemnul
Zin
The Shining One

Shops:
D:6 [   D:8 :

Annotations:
D:4 2 transporters, crawlacc's ghost, amateur HOFi
D:5 1 runed translucent door, snipermoke's ghost, amateur HuGl


Innate Abilities, Weirdness & Mutations

You are immune to sickness and miasma.
Your stone body is resilient. (AC +8)
You are immune to poison.
You resist negative energy. (rN+)
You are resistant to electric shocks. (rElec)
You are resistant to unholy torment.
You are immune to petrification.


Message History

* * * LOW HITPOINT WARNING * * *
You take 29 damage, and have 22/82 hp.
MASSIVE DAMAGE!!
You now have 18/32 mp.
Casting: Fulminant Prism (dangerous; 1% risk of failure)
Confirm with . or Enter, or press ? or * to list all spells.
Aiming: Fulminant Prism (dangerous; 1% risk of failure)
Press: ? - help, Dir - move target You conjure a prism of explosive energy!
A fulminant prism comes into view.
The manticore looks even sicker.
You carefully extract the barbed spikes from your body.
Your toxic aura wanes.
The manticore misses you. The manticore claws you!
* * * LOW HITPOINT WARNING * * *
The manticore claws you.
* * * LOW HITPOINT WARNING * * *
The manticore misses you.
The manticore claws you but does no damage. x2
Your fulminant prism crackles loudly.
You take 12 damage, and have 10/82 hp.
You now have 15/32 mp.
You are confused.
You feel invigorated. The manticore barely misses you. x2
The manticore misses you. The manticore barely misses you.
The manticore claws you.
* * * LOW HITPOINT WARNING * * *
The manticore closely misses you.
Your fulminant prism crackles loudly.
Your fulminant prism explodes!
The blast of energy engulfs your fulminant prism!
Your fulminant prism is almost destroyed.
The blast of energy engulfs the manticore!
The manticore is moderately wounded.
The blast of energy engulfs the manticore!
The manticore is heavily wounded.
You hear an angry hiss. x2
You regained 5 mp, and now have 20/32 mp.
The manticore bites you.
* * * LOW HITPOINT WARNING * * *
The manticore claws you but does no damage. x2
The manticore bites you!
You die...

###### ##### ###.##.###
#...#####........##
.......##........H###...
........'.......@H...#
........P........#.*.+
......#.#....†...# .....
......+.#.......<# ..##
......###.........# ##
..#..## #####.#..##
....## #...## ....P#
...## >.).## #P.+#


You could see 2 manticores and a friendly fulminant prism.

Vanquished Creatures
  Gastronok (D:8)
  Fannar (Lair:1)
  3 two-headed ogres
  A lindwurm (Lair:2)
  A black mamba (Lair:1)
  3 cane toads
  Joseph (D:7)
  Jeremiah (D:9)
  An unseen horror (D:10)
  Maggie (Lair:1)
  7 komodo dragons
  A queen bee (D:9)
  A shadow (D:10)
  35 yaks
  A wraith (D:10)
  A basilisk (Lair:2)
  A vampire (D:10)
  2 wyverns
  Eustachio (D:5)
  2 steam dragons
  4 wargs (D:10)
  An acid dragon (D:9)
  9 water moccasins
  7 orc warriors
  An ice beast (D:7)
  A black bear (D:6)
  2 centaurs
  6 wolves (Lair:1)
  3 ogres
  A phantom (D:10)
  8 kobold brigands
  10 bullfrogs
  3 scorpions
  6 wights
  2 troll zombies (D:10)
  20 killer bees (D:9)
  3 electric eels
  7 howler monkeys
  8 hounds
  3 orc priests
  A gnoll bouda (D:8)
  A jelly (D:6)
  2 iguanas (D:5)
  A sleepcap (D:7)
  13 orc wizards
  5 hell rats (Lair:1)
  6 ogre zombies (D:10)
  Robin (D:2)
  7 gnolls
  7 adders
  A shadow imp (D:6)
  2 white imps (D:5)
  4 ufetubi
  3 dart slugs
  34 orcs
  5 bats
  8 endoplasms
  5 giant cockroaches
  18 goblins
  12 hobgoblins
  4 jackals (D:1)
  3 quokkas
  7 ball pythons
  3 frilled lizards
  2 gnoll skeletons (D:10)
  23 kobolds
  5 orc skeletons (D:10)
  18 orc zombies (D:10)
  9 rats
  2 fulminant prisms (Lair:1)
383 creatures vanquished.

Vanquished Creatures (others)
  3 fulminant prisms
3 creatures vanquished.

Grand Total: 386 creatures vanquished

Notes
Turn   | Place    | Note
-------+----------+-------------------------------------------
     0 | D:1      | Dirtsage the Gargoyle Earth Elementalist began the quest
                  | for the Orb.
     0 | D:1      | Reached XP level 1. HP: 10/10 MP: 3/3
   271 | D:1      | Reached XP level 2. HP: 16/16 MP: 1/5
   342 | D:1      | Reached skill level 1 in Fighting
   389 | D:1      | Reached skill level 4 in Earth Magic
   562 | D:1      | Reached XP level 3. HP: 18/20 MP: 0/6
   566 | D:1      | Learned a level 3 spell: Stone Arrow
  1137 | D:1      | Found a faded altar of an unknown god.
  1373 | D:2      | Noticed Robin
  1390 | D:2      | Reached skill level 1 in Conjurations
  1468 | D:2      | Killed Robin
  1469 | D:2      | Reached XP level 4. HP: 23/26 MP: 1/7
  2208 | D:3      | Noticed a scorpion
  2212 | D:3      | Reached XP level 5. HP: 31/31 MP: 4/8
  2378 | D:3      | Reached skill level 5 in Earth Magic
  2935 | D:4      | Reached XP level 6. HP: 37/37 MP: 7/10
  3302 | D:4      | Found a white marble altar of Elyvilon.
  3394 | D:4      | Found a transporter.
  3396 | D:4      | Found a transporter.
  3397 | D:4      | Noticed crawlacc's ghost (amateur HOFi)
  3399 | D:4      | Identified the +1 dire flail of Causality {speed, rPois}
  3410 | D:4      | Found a staircase to the Ecumenical Temple.
  3426 | Temple   | Entered the Ecumenical Temple
  3527 | D:4      | Reached skill level 6 in Earth Magic
  3568 | D:4      | Reached XP level 7. HP: 43/43 MP: 10/11
  3804 | D:5      | Entered Level 5 of the Dungeon
  3851 | D:5      | Noticed Eustachio
  3869 | D:5      | Killed Eustachio
  3975 | D:5      | Reached skill level 5 in Fighting
  4011 | D:5      | Reached skill level 7 in Earth Magic
  4011 | D:5      | Reached XP level 8. HP: 49/49 MP: 13/13
  4255 | D:5      | Found a glowing silver altar of Zin.
  4320 | D:5      | Found a runed translucent door.
  4464 | D:5      | Noticed a yak
  4479 | D:5      | Killed a yak
  4660 | D:5      | Noticed snipermoke's ghost (amateur HuGl)
  4704 | D:6      | Found Cewnol's Armour Shop.
  4710 | D:6      | Identified the orb of Xame {light, rElec Str+3 Int+2 Dex+3}
  4729 | D:6      | Reached skill level 8 in Earth Magic
  5050 | D:6      | Found an ornate altar of the Wu Jian Council.
  5105 | D:6      | Found a blossoming altar of Fedhas.
  5323 | D:7      | Reached XP level 9. HP: 57/57 MP: 15/15
  5368 | D:7      | Identified the +1 trident "Mebiaz" {drain, rCorr}
  5436 | D:7      | Found a shadowy altar of Dithmenos.
  5611 | D:7      | Reached skill level 5 in Conjurations
  5611 | D:7      | Reached skill level 9 in Earth Magic
  5623 | D:7      | Reached skill level 5 in Spellcasting
  5682 | D:7      | Noticed Joseph
  5690 | D:7      | Killed Joseph
  5892 | D:7      | Found a flagged portal.
  5908 | Bailey   | Entered a bailey
  5958 | Bailey   | Reached skill level 10 in Earth Magic
  6056 | Bailey   | Identified the +1 great sword "Xycriux" {freeze, *Rage
                  | rElec Int+4}
  6098 | Bailey   | Reached XP level 10. HP: 64/65 MP: 16/18
  6255 | Bailey   | Found an iron altar of Okawaru.
  6317 | D:7      | Found an iron altar of Okawaru.
  6321 | D:7      | You fall into a shaft and drop 3 floors!
  6321 | D:10     | Entered Level 10 of the Dungeon
  6321 | D:10     | Found a radiant altar of Vehumet.
  6333 | D:10     | Became a worshipper of Vehumet
  6474 | D:9      | Found a snail-covered altar of Cheibriados.
  6592 | D:9      | Found a stormy altar of Qazlal.
  6655 | D:8      | Noticed a two-headed ogre
  6660 | D:8      | Killed a two-headed ogre
  6661 | D:8      | Reached skill level 11 in Earth Magic
  6661 | D:8      | Noticed Gastronok
  6703 | D:8      | Identified the +3 hand axe of Lywounn {heavy, Str+2}
  6759 | D:8      | Killed Gastronok
  6760 | D:8      | Reached skill level 10 in Fighting
  7412 | D:8      | Reached * piety under Vehumet
  7412 | D:8      | Offered knowledge of Freeze by Vehumet.
  7565 | D:8      | Reached XP level 11. HP: 70/73 MP: 20/20
  7746 | D:8      | Found Piskilaxi's Self-Improvement Boutique.
  7844 | D:9      | Reached skill level 12 in Earth Magic
  7922 | D:9      | Noticed Jeremiah
  7947 | D:9      | Reached skill level 1 in Ice Magic
  7985 | D:9      | Killed Jeremiah
  8235 | D:9      | Offered knowledge of Poisonous Vapours by Vehumet.
  8237 | D:9      | Reached ** piety under Vehumet
  8907 | D:10     | Offered knowledge of Hailstorm by Vehumet.
  8949 | D:10     | Found a staircase to the Orcish Mines.
  8950 | D:10     | Reached *** piety under Vehumet
  9093 | D:10     | Offered knowledge of Fulminant Prism by Vehumet.
  9115 | D:10     | Learned a level 4 spell: Fulminant Prism
  9119 | D:10     | Noticed a two-headed ogre
  9124 | D:10     | Killed a two-headed ogre
  9248 | D:10     | Reached skill level 13 in Earth Magic
  9255 | D:10     | Reached skill level 1 in Hexes
  9503 | D:10     | Noticed a two-headed ogre
  9506 | D:10     | Killed a two-headed ogre
  9507 | D:10     | Reached XP level 12. HP: 80/80 MP: 22/22
  9540 | D:10     | Reached **** piety under Vehumet
  9576 | D:10     | Offered knowledge of Olgreb's Toxic Radiance by Vehumet.
  9811 | D:10     | Found a staircase to the Lair.
  9907 | D:10     | Learned a level 4 spell: Olgreb's Toxic Radiance
  9932 | Lair:1   | Entered Level 1 of the Lair of Beasts
 10053 | Lair:1   | Reached skill level 1 in Poison Magic
 10323 | Lair:1   | Noticed Maggie
 10329 | Lair:1   | Killed Maggie
 10438 | Lair:1   | Noticed Fannar
 10445 | Lair:1   | Killed Fannar
 10446 | Lair:1   | Reached skill level 14 in Earth Magic
 10588 | Lair:1   | Reached ***** piety under Vehumet
 10691 | Lair:1   | Offered knowledge of Spellforged Servitor by Vehumet.
 10700 | Lair:1   | Learned a level 7 spell: Spellforged Servitor
 11258 | Lair:2   | Found a staircase to the Shoals.
 11264 | Lair:2   | Slain by a manticore

Illustrated notes

Levels and vault maps discovered:
D:1:      sevenhm_arrival_forest_fort_large_2, layout_basic,
          chequers_ecumenical_altar_lobes
D:2:      layout_rooms, minmay_stone_trees_small, uniq_robin
D:3:      layout_loops_ring
D:4:      cheibrodos_pilgrimage, layout_rooms, mainiacjoe_overflow_chevrons,
          minmay_temple_entry_trees, gammafunk_ghost_smash
D:5:      layout_rooms, zin_academy, ebering_ghost_reflecting_pool,
          minmay_manual_monolith, uniq_eustachio
D:6:      layout_rooms, mainiacjoe_overflow_brackets,
          mainiacjoe_overflow_boulevard, serial_shops, nicolae_square_shop,
          chequers_jeans
D:7:      layout_cave_pods, okawaru_metal_pillars_1_2, grunt_dithmenos_smoke,
          enter_bailey_3, dk_noncrumbling_4, uniq_joseph
D:8:      layout_cave_pools, nicolae_shop_self_help, uniq_gastronok
D:9:      layout_basic, nicolae_qazlal_general_emergency, lemuel_tele_altar,
          minivault_7, uniq_jeremiah
D:10:     layout_loops_ring, amcnicky_altar_gilded, due_lair_maze_entry_diamond,
          zombieorc2_lemuel, hangedman_decor_lopped, nooodl_orcs_dogs
Temple:   cyrus_circular_temple
Lair:1:   layout_regular_city, uniq_fannar, uniq_maggie
Lair:2:   layout_roguey, minmay_shoals_entry_beasts,
          nicolae_snake_entry_warm_welcome, wad_woods_road_06,
          pdpol_lair_neglected_garden

Skill      XL: |  1  2  3  4  5  6  7  8  9 10 11 12 |
---------------+-------------------------------------+-----
Fighting       | 1 2 3 4 5 7 8 10 11 12 | 12.6
Earth Magic    | 4 5 6 7 8 10 11 13 14 | 14.2
Conjurations   | 1 2 3 4 5 7 8 9 |  9.0
Spellcasting   | 3 4 5 6 7 |  7.9
Ice Magic      | 3 4 |  4.5
Hexes          | 1 3 |  3.3
Poison Magic   | 2 |  2.5
Armour         | |  0.6
Dodging        | |  1.5
Stealth        | |  2.4
Shields        | |  0.9
Transmutations | |  0.7

Action                     |  1- 3 |  4- 6 |  7- 9 | 10-12 || total
---------------------------+-------+-------+-------+-------++-------
  Melee: Unarmed           |    59 |    19 |       |       ||    78
         Flail             |       |    23 |       |    21 ||    44
         Dagger            |       |    24 |    16 |     6 ||    46
         Punch             |       |     1 |     1 |       ||     2
   Cast: Sandblast         |    50 |    86 |   109 |   324 ||   569
         Stone Arrow       |       |     2 |    35 |    98 ||   135
         Fulminant Prism   |       |       |       |     6 ||     6
         Olgreb's Toxic Ra |       |       |       |     7 ||     7
    Use: Scroll            |       |       |     5 |     9 ||    14
         Potion            |       |       |       |     1 ||     1
   Stab: Sleeping          |       |     1 |       |       ||     1
 Armour: Robe              |    46 |     7 |       |       ||    53
         Troll leather arm |       |    81 |    72 |   302 ||   455
  Dodge: Dodged            |    33 |    77 |    62 |   216 ||   388

Table legend: (Time is in decaauts)
 A = Elapsed time spent in this place.
 B = Non-inter-level travel time spent in this place.
 C = Inter-level travel time spent in this place.
 D = Time resting spent in this place.
 E = Time spent auto-exploring this place.
 F = Levels seen in this place.
 G = Mean time per level.
                   A        B        C        D        E       F      G
               +--------+--------+--------+--------+--------+-----+--------+
         Total |  11596 |  11368 |    228 |    271 |   8083 |  14 |  828.3 |
       Dungeon |   9805 |   9591 |    214 |    238 |   6951 |  10 |  980.5 |
        Temple |      1 |      1 |      0 |      0 |      0 |   1 |    1.0 |
          Lair |   1373 |   1359 |     14 |     33 |    825 |   2 |  686.5 |
        Bailey |    415 |    415 |      0 |      0 |    307 |   1 |  415.0 |
               +--------+--------+--------+--------+--------+-----+--------+

Top non-repeatable levels by time:
     D:1: 1386 daAuts
    D:10: 1366 daAuts
     D:9: 1181 daAuts
     D:7: 1051 daAuts
  Lair:1: 1021 daAuts
     D:5: 895 daAuts
     D:4: 894 daAuts
     D:2: 826 daAuts
     D:8: 786 daAuts
     D:3: 774 daAuts
     D:6: 642 daAuts
  Bailey: 415 daAuts
  Lair:2: 352 daAuts
  Temple: 1 daAuts
